cohdb
Replays
Latest Replays
All Replays
Popular Replays
Top Player Replays
Match Explorer
How It Works
Community
CoH3 Stats
Reddit
Sign in to upload your games and track your stats! →
Sign in with Steam
Match 32784152
Unlisted
Match 32784152
Overview
Messages
Build Orders
End
Kradschützen Motorcycle Team
Panzergrenadier Squad
Selects Italian Infantry
Panzergrenadier Squad
Construct Light Support Kompanie
Fire Support Elements
Veteran Squad Leaders
2.5-tonne Medical Truck
Selects Guastatori Squad
Guastatori Squad
Construct Panzerarmee Kommand
Selects Registered Artillery
Selects Defensive Operations
Panzer III L Medium Tank
Panzer III L Medium Tank
Emergency Repair Kits
Selects Prepared Positions
Registered Artillery
Peoples
TOP UP
Tango
Turtleboy
0
0
Comments
sign in to comment!
No comments posted yet!